 Dungeon Crawl Stone Soup version 0.32-a0-599-gba8f9cf90e (webtiles) character file.

Game seed: 11046696854068040094

600 snarfax the Chopper (level 7, -1/60 HPs)
             Began as a Mountain Dwarf Berserker on Mar 2, 2024.
             Was a Believer of Trog.
             Slain by a sky beast (2 damage)
             ... on level 5 of the Dungeon.
             The game lasted 00:12:21 (4333 turns).

snarfax the Chopper (Mountain Dwarf Berserker)      Turns: 4333, Time: 00:12:22

Health: -1/60      AC: 10    Str: 22    XL:     7   Next: 18%
Magic:  7/7        EV:  9    Int:  7    God:    Trog [**....]
Gold:   103        SH:  0    Dex:  9    Spells: 6/6 levels left

rFire   . . .        a - +0 hand axe
rCold   . . .        (no shield)
rNeg    . . .        f - +0 chain mail
rPois   .            g - +0 helmet
rElec   .            (no cloak)
rCorr   .            (no gloves)
SInv    .            (no boots)
Will    .....        (no amulet) Stlth
                     (no ring)
HPRegen 0.30/turn    (no ring)
MPRegen 0.10/turn

%: no passive effects
@: on berserk cooldown, slowed, invisible, very slow
A: runic magic, artefact enchanting
a: Renounce Religion, Berserk, Trog's Hand


You were on level 5 of the Dungeon.
You worshipped Trog.
Trog was pleased with you.
You visited 1 branch of the dungeon, and saw 5 of its levels.

You collected 103 gold pieces.

Inventory:

Hand Weapons
 a - a +0 hand axe (weapon)
Armour
 f - a +0 chain mail (worn)
 g - a +0 helmet (worn)
Scrolls
 j - a scroll of fog
Potions
 b - 2 potions of degeneration
 c - a potion of cancellation
 d - a potion of curing
 h - a potion of resistance {unknown}
 i - a potion of ambrosia {unknown}


   Skills:
 + Level 4.9 Fighting
 * Level 7.0 Axes
 + Level 4.2 Armour
 + Level 2.9 Dodging


You had 6 spell levels left.
You didn't know any spells.
Your spell library was empty.

Dungeon Overview and Level Annotations

Branches:
Dungeon (5/15)
 Temple: D:4-7

Altars:
Cheibriados
Gozag
Kikubaaqudgha
Wu Jian

Shops:
D:5 (

Annotations:
D:3 1 runed translucent door, dialectric's ghost, amateur TrFi
D:4 3 runed translucent doors, Pokonic1's ghost, amateur OnMo


Innate Abilities, Weirdness & Mutations

Your spellcasting is much less encumbered by armour.
You can use scrolls of enchantment on lesser artefacts.


Message History

You hit the sky beast but do no damage.
The sky beast is severely wounded.
The sky beast hits you but does no damage.
The sky beast closely misses you.
You hit the sky beast.
The sky beast is severely wounded.
The sky beast hits you but does no damage.
You hit the sky beast but do no damage.
The sky beast is severely wounded.
The sky beast flickers out of sight!
Deactivating autopickup; reactivate with Ctrl-A.
Something hits you. Something shocks you.
You closely miss something. Something hits you. Something shocks you.
* * * LOW HITPOINT WARNING * * *
Something hits you but does no damage.
You closely miss something. Something hits you but does no damage.
Something hits you. Something shocks you.
* * * LOW HITPOINT WARNING * * *
Something hits you but does no damage.
You feel the effects of Trog's Hand fading.
Something hits you but does no damage. Something completely misses you.
Something hits you.
* * * LOW HITPOINT WARNING * * *
Something shocks you.
* * * LOW HITPOINT WARNING * * *
You closely miss something. Something hits you.
* * * LOW HITPOINT WARNING * * *
Something shocks you.
* * * LOW HITPOINT WARNING * * *
Something hits you but does no damage.
Your skin stops crawling.
You feel less strong-willed. Something hits you.
* * * LOW HITPOINT WARNING * * *
Something shocks you.
* * * LOW HITPOINT WARNING * * *
Something hits you but does no damage.
You fade into invisibility!
Something hits you.
You die...

...$##((. ###.....
.....#########....##.##
#..................#..##
....#.#...# #.....#..##
#.#...#.#.# ###..####...#
.<#.....#.# #....†....#.####
#.#.##..#.#.#.#######.#....####
#.#.##..#.#......####.###.....###
#.#.##..........@.............§{.
#...###.#.###.##.####.###.?..#.##
........#.#....#.####.# #....# #
#########.#.####......# ######
#.#. #......### #.#....###....#
#.########....# ##.#...........#
#....##........#


There were no monsters in sight!

Vanquished Creatures
  A black bear (D:4)
  An ogre (D:4)
  A phantom (D:4)
  A bombardier beetle (D:4)
  A gnoll bouda (D:5)
  A sleepcap (D:5)
  3 orc wizards (D:3)
  4 gnolls (D:5)
  6 adders
  2 dart slugs
  15 orcs
  6 ball pythons
  7 bats
  2 endoplasms
  6 giant cockroaches
  3 goblins (D:1)
  7 hobgoblins
  9 kobolds
  5 quokkas
  3 frilled lizards
  11 rats
95 creatures vanquished.

Notes
Turn   | Place    | Note
-------+----------+-------------------------------------------
     0 | D:1      | snarfax the Mountain Dwarf Berserker began the quest for
                  | the Orb.
     0 | D:1      | Reached XP level 1. HP: 19/19 MP: 1/1
   127 | D:1      | Reached skill level 4 in Axes
   127 | D:1      | Reached XP level 2. HP: 26/26 MP: 2/2
   566 | D:1      | Reached XP level 3. HP: 30/31 MP: 3/3
   879 | D:1      | Reached ** piety under Trog
  1317 | D:3      | Found an ornate altar of the Wu Jian Council.
  1332 | D:3      | Reached XP level 4. HP: 40/40 MP: 4/4
  1370 | D:3      | Found a runed translucent door.
  1371 | D:3      | Noticed a bullfrog
  1372 | D:3      | Noticed dialectric's ghost (amateur TrFi)
  1577 | D:3      | Reached skill level 5 in Axes
  1592 | D:3      | Reached XP level 5. HP: 14/37 MP: 5/5
  1968 | D:3      | Found a faded altar of an unknown god.
  2600 | D:4      | Found a runed translucent gate.
  2600 | D:4      | Found a runed translucent gate.
  2600 | D:4      | Found a runed translucent gate.
  2600 | D:4      | Found an opulent altar of Gozag.
  2601 | D:4      | Noticed Pokonic1's ghost (amateur OnMo)
  2601 | D:4      | Noticed an acid dragon
  2708 | D:4      | Found an ancient bone altar of Kikubaaqudgha.
  2710 | D:4      | Found a snail-covered altar of Cheibriados.
  2819 | D:4      | Noticed an ogre
  2826 | D:4      | Killed an ogre
  2827 | D:4      | Reached skill level 6 in Axes
  2827 | D:4      | Reached XP level 6. HP: 40/53 MP: 6/6
  3804 | D:5      | Entered Level 5 of the Dungeon
  3804 | D:5      | Noticed a +0 short sword
  3805 | D:5      | Found Iqefit's Antique Weapon Shoppe.
  3805 | D:5      | Noticed a +0 spear
  3805 | D:5      | Noticed a +0 falchion
  3805 | D:5      | Noticed a +0 spear
  3805 | D:5      | Noticed a +0 short sword
  3805 | D:5      | Noticed a +0 dagger
  3815 | D:5      | Noticed a +0 falchion
  3816 | D:5      | Noticed a +0 dagger
  3869 | D:5      | Reached XP level 7. HP: 35/60 MP: 7/7
  4265 | D:5      | Reached skill level 7 in Axes
  4332 | D:5      | HP: 1/60 [something (5)]
  4333 | D:5      | Slain by a sky beast

Illustrated notes

Levels and vault maps discovered:
D:1:      wander_arrival_fairy_ring, layout_basic, minmay_3d_cube
D:2:      layout_rooms, chequers_mini_garden
D:3:      layout_basic, nzn_wu_jian_council_hall,
          hellmonk_ecumenical_altar_pennies_from_heaven, ebering_ghost_sewer_d
D:4:      layout_loops_corners, nicolae_overflow_hidden_temple,
          ebering_ghost_gozag
D:5:      layout_basic, nicolae_overflow_guarded_unrand_okawaru_victory,
          nicolae_uskayaw_en_pointe, serial_shops, nicolae_shop_waterfront

Skill      XL: |  1  2  3  4  5  6  7 |
---------------+----------------------+-----
Axes           | 4 5 6 7 |  7.0
Armour         | 3 4 |  4.2
Dodging        | 2 |  2.9
Fighting       | 4 |  4.9

Action                     |  1- 3 |  4- 6 |  7- 9 || total
---------------------------+-------+-------+-------++-------
  Melee: Hand axe          |   139 |   166 |    70 ||   375
 Invoke: Berserk           |     1 |     5 |     3 ||     9
         Trog's Hand       |       |       |     2 ||     2
    Use: Scroll            |     2 |     6 |     3 ||    11
         Potion            |       |     1 |     2 ||     3
   Stab: Invisible         |       |       |     3 ||     3
 Armour: Leather armour    |     4 |       |       ||     4
         Animal skin       |     3 |       |       ||     3
         Ring mail         |   100 |     3 |       ||   103
         Chain mail        |       |   138 |    72 ||   210
  Dodge: Dodged            |   112 |    72 |    22 ||   206

Table legend: (Time is in decaauts)
 A = Elapsed time spent in this place.
 B = Non-inter-level travel time spent in this place.
 C = Inter-level travel time spent in this place.
 D = Time resting spent in this place.
 E = Time spent auto-exploring this place.
 F = Levels seen in this place.
 G = Mean time per level.
                   A        B        C        D        E       F      G
               +--------+--------+--------+--------+--------+-----+--------+
         Total |   4429 |   4320 |    109 |    503 |   2891 |   5 |  885.8 |
       Dungeon |   4429 |   4320 |    109 |    503 |   2891 |   5 |  885.8 |
               +--------+--------+--------+--------+--------+-----+--------+

Top non-repeatable levels by time:
     D:3: 1321 daAuts
     D:4: 1220 daAuts
     D:1: 912 daAuts
     D:5: 549 daAuts
     D:2: 424 daAuts
